 Dungeon Crawl Stone Soup version 0.24.0-125-gc4c63601f3 (webtiles) character file.

Game seed: 7740464885081176147, levelgen mode: deterministic

10166 4FPSwarrior the Martial Artist (level 11, -1/74 HPs)
             Began as an Octopode Transmuter on Mar 11, 2020.
             Was a Priest of Cheibriados.
             Slain by a seven-headed hydra (3 damage)
             ... on level 2 of the Lair of Beasts on Mar 12, 2020.
             The game lasted 01:16:59 (13631 turns).

4FPSwarrior the Martial Artist (OpTm)              Turns: 13631, Time: 01:17:00

Health: -1/74      AC:  1    Str: 20    XL:     11   Next: 57%
Magic:  6/19       EV: 16    Int: 23    God:    Cheibriados [***...]
Gold:   157        SH:  6    Dex: 22    Spells: 10/21 levels left

rFire    + . .     SeeInvis .     - Unarmed
rCold    . . .     Gourm    .   l - +0 buckler
rNeg     + . .     Faith    .   (helmet restricted)
rPois    .         Spirit   .   (no amulet)
rElec    .         Reflect  .   k - ring of resist corrosion
rCorr    +         Harm     .   w - ring of positive energy
MR       .....                  B - ring of flight
Stlth    +++++.....             D - ring of protection from fire
HPRegen  0.22/turn              (no ring)
MPRegen  0.16/turn              (no ring)
                                (no ring)
                                (no ring)

@: very slow
A: almost no armour, stealthy swim, amphibious, 8 rings, constrict 8, camouflage
1, gelatinous body 1
a: Bend Time, Temporal Distortion, Renounce Religion, Evoke Flight


You were on level 2 of the Lair of Beasts.
You worshipped Cheibriados.
Cheibriados was most pleased with you.
You were hungry.

You visited 3 branches of the dungeon, and saw 13 of its levels.
You also visited: Ossuary.

You collected 558 gold pieces.
You spent 401 gold pieces at shops.

Inventory:

Missiles
 a - 15 arrows
 d - 340 stones
 e - 8 boomerangs
 p - 78 poisoned darts (quivered)
 G - 4 curare-tipped darts
 L - 4 javelins
Armour
 l - a +0 buckler (worn)
Magical Staves
 z - an uncursed staff of summoning
Jewellery
 k - a ring of resist corrosion (left tentacle)
 w - a ring of positive energy (right tentacle)
 B - a ring of flight (on tentacle)
 D - a ring of protection from fire (on tentacle)
Wands
 v - a wand of clouds (6)
 y - a wand of flame (3)
 H - a wand of paralysis (18)
Scrolls
 b - 6 scrolls of teleportation
 f - 5 scrolls of identify
 h - 2 scrolls of enchant armour
 m - 2 scrolls of remove curse
 n - a scroll of blinking
 o - 3 scrolls of fog
 t - 3 scrolls of magic mapping
 x - 2 scrolls of noise
 C - 2 scrolls of random uselessness
 E - 2 scrolls of enchant weapon
 I - a scroll of vulnerability
 J - a scroll of amnesia {unknown}
Potions
 g - 2 potions of mutation
 j - 2 potions of agility
 q - 2 potions of cancellation
 r - a potion of berserk rage {unknown}
 s - 2 potions of flight
 u - 2 potions of lignification
 A - a potion of brilliance
 F - a potion of heal wounds
Miscellaneous
 K - a fan of gales (inert)
Comestibles
 c - 27 rations
 i - 3 chunks of flesh


   Skills:
 * Level 6.7 Fighting
 + Level 3.6 Dodging
 + Level 4.0 Stealth
 - Level 4.0 Shields
 + Level 8.3 Unarmed Combat
 + Level 5.6 Spellcasting
 + Level 5.3 Hexes
 + Level 6.6 Transmutations
 - Level 4.4 Ice Magic
 * Level 6.1 Invocations
 + Level 5.0 Evocations


You had 10 spell levels left.
You knew the following spells:

 Your Spells              Type           Power        Failure   Level  Hunger
a - Beastly Appendage     Tmut           #####.       1%          1    None
b - Sticks to Snakes      Tmut           #####...     1%          2    None
c - Ensorcelled Hibernat  Hex/Ice        ####..       1%          2    None
d - Confuse               Hex            ####....     3%          3    ##.....
e - Tukima's Dance        Hex            ####....     3%          3    ##.....

Your spell library contained the following spells:

 Spells                   Type           Power        Failure   Level  Hunger
 Corona                   Hex            ####...      1%          1    None
 Spider Form              Tmut/Pois      ###.......   7%          3    ##.....
 Summon Small Mammal      Summ           #...         9%          1    None
 Dazzling Spray           Conj/Hex       ###...       9%          3    ##.....
 Summon Guardian Golem    Hex/Summ       ###.....     9%          3    ##.....
 Ice Form                 Ice/Tmut       ####....     9%          4    ####...
 Call Imp                 Summ           #.......     14%         2    None
 Blade Hands              Tmut           #####.....   16%         5    #####..
 Call Canine Familiar     Summ           #.......     26%         3    ##.....
 Summon Ice Beast         Ice/Summ       ###.....     34%         4    ####...
 Summon Lightning Spire   Summ/Air       #.......     65%         4    ####...


Dungeon Overview and Level Annotations

Branches:
Dungeon (10/15)            Temple (1/1) D:5            Lair (2/6) D:8
    Orc (0/2) D:10        Ossuary (visited)
  Swamp: Lair:2-4    Shoals: Lair:2-4     Snake: Lair:2-4    Spider: Lair:2-4

Altars:
Ashenzari
Cheibriados
Dithmenos
Elyvilon
Fedhas
Gozag
Hepliaklqana
Kikubaaqudgha
Makhleb
Nemelex Xobeh
Okawaru
Qazlal
Ru
Sif Muna
Trog
Uskayaw
Vehumet
Wu Jian
Xom
Yredelemnul
Zin
The Shining One

Shops:
D:4 *[!*}   D:10 ?

Annotations:
D:2 Sigmund
D:3 exclusion: orc priest
Lair:1 exclusion: hydra


Innate Abilities, Weirdness & Mutations

You cannot wear most types of armour.
You are very stealthy in the water. (Stealth+)
You are amphibious.
You can wear up to eight rings at the same time.
You can use your tentacles to constrict eight enemies at once.
Your skin changes colour to match your surroundings (Stealth+).
Your rubbery body absorbs attacks. (AC +1, EV +1)


Message History

The puff of flame misses the seven-headed hydra.
The seven-headed hydra roars!
The seven-headed hydra is engulfed in a cloud of scalding steam.
You block the seven-headed hydra's attack.
The seven-headed hydra bites you.
* * * LOW HITPOINT WARNING * * *
The seven-headed hydra bites you.
* * * LOW HITPOINT WARNING * * *
The seven-headed hydra misses you.
You block the seven-headed hydra's attack. x2
The seven-headed hydra bites you!
* * * LOW HITPOINT WARNING * * *
Evoke which item? (* to show all) (? for menu, Esc to quit)
Aiming: Throw Flame
Press: ? - help, Shift-Dir - straight line, f/p - seven-headed hydra
Aim: a seven-headed hydra (water, almost dead)
The puff of flame misses the seven-headed hydra.
The seven-headed hydra is engulfed in a cloud of scalding steam.
The seven-headed hydra bites you.
You die...

........#
....(.........
.............♣♣♣♣
.......P≈≈≈P≈≈≈P♣♣♣
.......≈≈PPP≈≈P≈≈≈♣
.......P≈P≈P≈≈≈≈≈≈♣♣
........P≈≈≈≈≈≈≈≈≈≈♣♣
........≈≈≈≈÷≈≈≈@≈≈P♣
.........≈≈≈≈≈≈§D≈≈≈♣
.........≈P≈≈≈≈§§≈≈P♣
........≈P≈PP≈§≈≈≈≈P♣
.......P≈≈≈≈≈≈§≈≈≈≈♣♣
#.......≈≈PP≈P≈P≈♣♣♣
#.|....P≈≈≈≈≈P≈♣♣♣
#......≈.##.#♣♣♣
#..........##


You could see a seven-headed hydra.

Vanquished Creatures
  A two-headed ogre (D:7)
  A black mamba (Lair:1)
  4 spiny frogs
  A komodo dragon (D:8)
  A rime drake (Lair:1)
  2 trolls (D:10)
  Grinder (D:5)
  Prince Ribbit (D:7)
  3 hippogriffs
  A spriggan (Lair:1)
  A wyvern (D:9)
  A steam dragon (D:9)
  A hungry ghost (D:6)
  Menkaure (Ossuary)
  A water moccasin (D:5)
  7 porcupines
  An orc warrior (D:8)
  2 black bears
  3 ice beasts
  3 ogres
  A sky beast (D:7)
  3 phantoms
  2 necrophages (D:7)
  3 centaurs
  6 crocodiles
  A bullfrog (Lair:1)
  A wyvern zombie (D:9)
  3 scorpions
  9 killer bees
  2 electric eels (Lair:2)
  4 howler monkeys
  A centaur zombie (D:5)
  5 crimson imps
  A bullfrog zombie (D:7)
  2 quasits
  6 hounds
  An orc priest (D:6)
  A gnoll shaman (D:10)
  13 orc wizards
  A bullfrog skeleton (D:4)
  An iguana (D:9)
  Ijyb (D:4)
  6 worker ants
  A killer bee zombie (D:6)
  A hound skeleton (D:2)
  3 mummies (Ossuary)
  5 gnolls
  12 adders
  A howler monkey skeleton (D:8)
  2 shadow imps
  An ooze (D:1)
  An adder zombie (D:9)
  2 adder skeletons
  A worm (D:6)
  4 dart slugs
  5 leopard geckos
  12 orcs
  2 ball pythons
  6 giant cockroaches
  3 goblins
  9 hobgoblins
  19 jackals
  6 quokkas
  10 bats
  4 frilled lizards
  3 gnoll skeletons (Ossuary)
  3 gnoll zombies (Ossuary)
  2 goblin skeletons (Ossuary)
  6 goblin zombies (Ossuary)
  4 hobgoblin skeletons (Ossuary)
  5 hobgoblin zombies (Ossuary)
  11 kobolds
  3 kobold skeletons (Ossuary)
  5 kobold zombies (Ossuary)
  4 orc skeletons (Ossuary)
  An orc zombie (Ossuary)
  4 rats
  5 rat skeletons (Ossuary)
  3 rat zombies (Ossuary)
280 creatures vanquished.

Vanquished Creatures (collateral kills)
  2 basilisks
  A water moccasin (Lair:2)
  An orc warrior (D:8)
  A porcupine (Lair:2)
  An ogre (D:7)
  A crocodile (Lair:1)
  A hound (D:6)
  A killer bee zombie (D:6)
  2 gnolls
  3 orcs
  A kobold (D:3)
  An orc zombie (Ossuary)
  A fungus (Lair:1)
17 creatures vanquished.

Vanquished Creatures (others)
  2 dancing weapons (D:8)
  An orc wizard (D:7)
  A gnoll skeleton (Ossuary)
  2 goblin skeletons (Ossuary)
  A hobgoblin zombie (Ossuary)
  An orc skeleton (Ossuary)
  2 fungi (Lair:2)
  3 plants
13 creatures vanquished.

Grand Total: 310 creatures vanquished

Notes
Turn   | Place    | Note
-------+----------+-------------------------------------------
     0 | D:1      | 4FPSwarrior the Octopode Transmuter began the quest for the
                  | Orb.
     0 | D:1      | Reached XP level 1. HP: 13/13 MP: 3/3
   439 | D:1      | Reached XP level 2. HP: 18/18 MP: 3/5
   924 | D:1      | Reached XP level 3. HP: 18/23 MP: 4/6
  1298 | D:2      | Found a faded altar of an unknown god.
  1358 | D:2      | Learned a level 2 spell: Sticks to Snakes
  1599 | D:2      | Found a stormy altar of Qazlal.
  1644 | D:2      | Found a hide-covered altar of Uskayaw.
  1703 | D:2      | Noticed Sigmund
  1917 | D:2      | Reached XP level 4. HP: 20/29 MP: 7/7
  1920 | D:2      | Reached skill level 4 in Unarmed Combat
  2123 | D:3      | Learned a level 2 spell: Ensorcelled Hibernation
  2127 | D:3      | Learned a level 3 spell: Confuse
  2679 | D:3      | Reached XP level 5. HP: 34/34 MP: 5/8
  2792 | D:4      | Found Asiasae's General Store.
  2851 | D:4      | Found Jaxkiruge's Gadget Emporium.
  2862 | D:4      | Bought a potion of flight for 30 gold pieces
  2862 | D:4      | Bought 3 scrolls of magic mapping for 105 gold pieces
  2885 | D:4      | Reached skill level 1 in Shields
  2890 | D:4      | Found Eskeodwu's Distillery.
  3037 | D:4      | Found a hazy altar of Hepliaklqana.
  3056 | D:4      | Found Ihonax's General Store.
  3057 | D:4      | Found Unack's Armour Emporium.
  3228 | D:4      | Noticed Ijyb
  3230 | D:4      | Found a sparkling altar of Nemelex Xobeh.
  3441 | D:5      | Entered Level 5 of the Dungeon
  3458 | D:5      | Reached XP level 6. HP: 26/39 MP: 8/10
  3472 | D:5      | Found a staircase to the Ecumenical Temple.
  3481 | Temple   | Entered the Ecumenical Temple
  3526 | Temple   | Became a worshipper of Cheibriados the Contemplative
  3633 | D:5      | Found a sand-covered staircase.
  3644 | Ossuary  | Entered an ossuary
  3793 | Ossuary  | Reached * piety under Cheibriados
  4006 | Ossuary  | Reached skill level 1 in Ice Magic
  4062 | Ossuary  | Reached skill level 1 in Hexes
  4091 | Ossuary  | Noticed Menkaure
  4105 | Ossuary  | Killed Menkaure
  4194 | D:5      | Noticed a phantom
  4321 | D:4      | Killed Ijyb
  4519 | D:4      | Reached XP level 7. HP: 45/45 MP: 9/11
  4840 | D:5      | Reached skill level 1 in Invocations
  4844 | D:5      | Reached ** piety under Cheibriados
  4909 | D:4      | Reached skill level 5 in Unarmed Combat
  5147 | D:5      | Found an ornate altar of the Wu Jian Council.
  5207 | D:5      | Found a glowing golden altar of the Shining One.
  5407 | D:5      | Found an opulent altar of Gozag.
  5430 | D:5      | Noticed Grinder
  5431 | D:5      | Paralysed by Grinder for 2 turns
  5445 | D:5      | Killed Grinder
  5445 | D:5      | Reached XP level 8. HP: 34/52 MP: 5/13
  5622 | D:5      | Found a basalt altar of Yredelemnul.
  5632 | D:5      | Found a burning altar of Makhleb.
  6633 | D:6      | Found a bloodstained altar of Trog.
  6640 | D:6      | Reached skill level 1 in Evocations
  6728 | D:6      | Reached *** piety under Cheibriados
  6744 | D:6      | Learned a level 3 spell: Tukima's Dance
  6754 | D:6      | Reached skill level 6 in Unarmed Combat
  6754 | D:6      | Reached XP level 9. HP: 38/57 MP: 10/14
  6758 | D:6      | Found a shimmering altar of Xom.
  6857 | D:6      | Found a shimmering blue altar of Sif Muna.
  7047 | D:7      | Reached skill level 5 in Transmutations
  7078 | D:7      | Noticed Prince Ribbit
  7095 | D:7      | Killed Prince Ribbit
  7623 | D:7      | Noticed a two-headed ogre
  7636 | D:7      | Killed a two-headed ogre
  7636 | D:7      | Reached skill level 7 in Unarmed Combat
  7984 | D:7      | Reached XP level 10. HP: 63/63 MP: 10/16
  7993 | D:7      | Reached **** piety under Cheibriados
  8542 | D:8      | HP: 2/65 [hippogriff (8)]
  9422 | D:8      | Found a staircase to the Lair.
  9693 | D:9      | Reached skill level 5 in Fighting
  9918 | D:9      | Found a shadowy altar of Dithmenos.
  9959 | D:9      | Reached skill level 1 in Stealth
  9994 | D:9      | Found a radiant altar of Vehumet.
 10213 | D:9      | Reached ***** piety under Cheibriados
 10351 | D:9      | Reached skill level 5 in Spellcasting
 10440 | D:10     | Entered Level 10 of the Dungeon
 10441 | D:10     | Found a radiant altar of Vehumet.
 10842 | D:10     | Reached skill level 8 in Unarmed Combat
 10998 | D:10     | Found Bacimoz's Magic Scroll Emporium.
 11008 | D:10     | Bought a scroll of teleportation for 39 gold pieces
 11008 | D:10     | Bought a scroll of teleportation for 39 gold pieces
 11008 | D:10     | Bought a scroll of teleportation for 39 gold pieces
 11008 | D:10     | Bought a scroll of teleportation for 39 gold pieces
 11008 | D:10     | Bought a scroll of random uselessness for 13 gold pieces
 11008 | D:10     | Bought a scroll of vulnerability for 97 gold pieces
 11024 | D:10     | Reached skill level 5 in Invocations
 11173 | D:10     | Found a staircase to the Orcish Mines.
 11273 | D:10     | Reached XP level 11. HP: 60/72 MP: 16/18
 11415 | Lair:1   | Entered Level 1 of the Lair of Beasts
 11502 | Lair:1   | Reached skill level 5 in Hexes
 12170 | Lair:1   | Noticed a four-headed hydra
 13341 | Lair:2   | Reached skill level 5 in Evocations
 13605 | Lair:2   | Noticed a seven-headed hydra
 13630 | Lair:2   | HP: 2/74 [seven-headed hydra (13)]
 13631 | Lair:2   | Slain by a seven-headed hydra

Levels and vault maps discovered:
D:1:      onia_arrival_mini_maze, layout_basic
D:2:      layout_rooms, nicolae_overflow_crystal_walls, grunt_qazlal_clouds,
          chequers_ecumenical_altar_island, first_ration,
          makhleb_heckhound_becter, uniq_crazy_yiuf_cottage, uniq_sigmund
D:3:      layout_loops_cross
D:4:      layout_gridville, kennysheep_mini_moat, marbit_many_paths,
          serial_shops, shop, shop_fountains, nicolae_shop_window_shopping,
          nicolae_shop_stone, shop, serial_bayou_pond_c, uniq_ijyb
D:5:      layout_cave_pools, nicolae_overflow_quartered_altars,
          lemuel_temple_firewalk_a, enter_ossuary_1,
          nicolae_gozag_cash_rules_everything_around_me, uniq_grinder
D:6:      layout_cave_pools, kennysheep_little_box, lemuel_doored_altar,
          overflow_temple_1_default
D:7:      minmay_flawed_box, layout_loops_ring, minmay_chambers_of_fives,
          uniq_prince_ribbit1
D:8:      layout_loops_ring, david_lair_shrubbed
D:9:      layout_roguey, nicolae_dithmenos_shadow_blocks, old_standard_altar
D:10:     kennysheep_seaside_town, layout_cave_pools, orc_0_dummy, basic_altar,
          serial_shops, shop
Temple:   compressed_dpeg_triangle_lava_temple
Lair:1:   layout_roguey, columned_hall_lemuel, grunt_forest_large_clearing_hut,
          lemuel_fruit_tree
Lair:2:   layout_regular_city, serial_bayou_shore_a, uniq_sonja

Skill      XL: |  1  2  3  4  5  6  7  8  9 10 11 |
---------------+----------------------------------+-----
Fighting       | 2 3 4 5 6 |  6.7
Unarmed Combat | 4 5 6 7 8 |  8.3
Shields        | 1 2 3 4 |  4.0
Transmutations | 3 4 5 6 |  6.6
Ice Magic      | 1 2 3 4 |  4.4
Hexes          | 1 2 3 4 5 |  5.3
Spellcasting   | 3 4 5 |  5.6
Invocations    | 1 2 3 5 6 |  6.1
Evocations     | 1 3 4 5 |  5.0
Stealth        | 2 4 |  4.0
Dodging        | 3 |  3.6

Action                   |  1- 3 |  4- 6 |  7- 9 | 10-12 || total
-------------------------+-------+-------+-------+-------++-------
Melee: Unarmed           |    87 |   145 |   189 |   236 ||   657
       Constrict         |    24 |    44 |    44 |    49 ||   161
       Kick              |    18 |    24 |    64 |    61 ||   167
       Tentacles         |    13 |    21 |    49 |    87 ||   170
       Punch             |       |     4 |    17 |    26 ||    47
Throw: Stone             |    29 |   111 |    11 |    12 ||   163
       Dart              |       |    11 |    81 |    55 ||   147
 Cast: Beastly Appendage |    26 |    23 |    21 |    18 ||    88
       Sticks to Snakes  |       |    13 |    18 |    37 ||    68
       Tukima's Dance    |       |       |     7 |     6 ||    13
       Confuse           |       |       |     2 |     5 ||     7
       Ensorcelled Hiber |       |       |       |     7 ||     7
Invok: Bend Time         |       |       |     2 |     1 ||     3
       Temporal Distorti |       |       |       |     3 ||     3
       Slouch            |       |       |       |     5 ||     5
Evoke: Wand              |       |       |       |    11 ||    11
       Fan of gales      |       |       |       |     1 ||     1
  Use: Scroll            |       |    10 |     8 |     6 ||    24
       Potion            |       |     3 |     4 |     6 ||    13
 Stab: Sleeping          |     2 |     5 |       |    11 ||    18
       Distracted        |       |       |     1 |     2 ||     3
       Paralysed         |       |       |       |     5 ||     5
       Invisible         |       |       |       |     1 ||     1
       Confused          |       |       |       |     3 ||     3
  Eat: Chunk             |     4 |     5 |     4 |     9 ||    22
       Ration            |       |     1 |     1 |       ||     2
Armor: Skin              |    11 |     3 |     6 |     5 ||    25
Dodge: Dodged            |    55 |    58 |    96 |   132 ||   341
Block: Buckler           |     3 |    13 |    43 |    67 ||   126
